 Dungeon Crawl Stone Soup version 0.14-a0-1499-g388a102 (webtiles) character file.

617233 M4edhros the Evocator (level 26, -9/232 HPs)
             Began as a Demonspawn Fighter on Dec 13, 2013.
             Was the Champion of Fedhas.
             Mangled by a reaper
             ... wielding a +1,+4 scythe of protection
             ... created by the effects of Hell
              (35 damage)
             ... on Level 7 of Tartarus on Dec 16, 2013.
             The game lasted 08:27:00 (87252 turns).

M4edhros the Evocator (Demonspawn Fighter)         Turns: 87252, Time: 08:27:00

HP  -9/232       AC 18     Str 16 (20) XL: 26   Next: 71%
MP   0/43        EV 21     Int 13      God: Fedhas [******]
Gold 8079        SH 20     Dex 14 (20) Spells:  7 memorised, 19 levels left

rFire  + . .     SeeInvis +     Z - +6 lightning rod (4/15)
rCold  + . .     Clarity  .     X - +4 ring mail of Trial and Error {+Rage rC+ Dam+6}
rNeg   . . .     Conserve .     Q - +3 buckler of Derrobatt {rElec Dam+5}
rPois  +         rCorr    .     t - +0 visored helmet {SInv}
rElec  +         rRot     +     E - +2 elf cloak {rPois}
SustAb . .       Spirit   +     (gloves unavailable)
rMut   .         Warding  .     z - +0 pair of boots
Saprov + . .     Stasis   .     y - amulet of guardian spirit
                                d - +5 ring of evasion
                                D - cursed ring of hunger

@: invisible, very slightly contaminated, heavily drained, quite resistant to
hostile enchantments, unstealthy
A: claws 3, fangs 1, repulsion field 2, agile 1, blink 1, deterioration 2, fire
resistance 1, foul stench 2, powered by death 3, robust 3, saprovore 1
a: Blink, Evolution, Sunlight, Growth, Reproduction, Rain, Renounce Religion,
Evoke Berserk Rage
}: 3/15 runes: barnacled, silver, gossamer


You were on level 7 of Tartarus.
You worshipped Fedhas.
Fedhas was exalted by your worship.
You were not hungry.

You visited 12 branches of the dungeon, and saw 67 of its levels.
You visited 1 bazaar.
You also visited: Labyrinth, Trove, Sewer and Wizlab.

You collected 11388 gold pieces.
You spent 3309 gold pieces at shops.

Inventory:

Hand weapons
 h - a +6,+6 war axe of electrocution
 j - the +3,+3 Elemental Staff {rElec rF++ rC++ MR++ AC+5}
   (You took it off a yaktaur captain on level 5 of the Vaults)

   It affects your AC (+5).
   It greatly protects you from fire.
   It greatly protects you from cold.
   It insulates you from electricity.
   It affects your resistance to hostile enchantments.
 l - a +0,+0 anti-magic lajatang
 M - a +4,+7 demon whip of electrocution
 P - a +2,+2 executioner's axe of venom
 R - a +2 blowgun
Armour
 t - a +0 visored helmet of see invisible (worn)
 z - a +0 pair of boots (worn)
 E - a +2 elven cloak of poison resistance (worn)
 Q - the +3 buckler of Derrobatt (worn) {rElec Dam+5}
   (You found it on level 5 of the Vaults)

   It affects your damage-dealing abilities (+5).
   It insulates you from electricity.
 X - the +4 ring mail of Trial and Error (worn) {+Rage rC+ Dam+6}
   (You found it on level 6 of the Lair of Beasts)

   It affects your damage-dealing abilities (+6).
   It protects you from cold.
   It lets you go berserk.
Magical devices
 f - a wand of heal wounds (0)
 m - a wand of invisibility (3)
 x - a wand of teleportation (6)
 G - a wand of digging (2)
 I - a wand of teleportation (1)
Comestibles
 w - 8 sultanas
Scrolls
 g - a scroll of fog
 H - a scroll of fear
 U - 3 scrolls of blinking
Jewellery
 d - a +5 ring of evasion (right claw)
 k - an uncursed ring of sustenance
 n - an uncursed ring of protection from cold
 o - an uncursed amulet of conservation
 q - the amulet of the Cicada {rCorr rC+ Acc+3}
   (You found it in a treasure trove)

   [amulet of resist corrosion]

   It affects your accuracy (+3).
   It protects you from cold.
 r - a +4 ring of evasion
 s - the amulet "Psagg" {Ward rN+ MR++}
   (You found it in a treasure trove)

   [amulet of warding]

   It protects you from negative energy.
   It affects your resistance to hostile enchantments.
 y - an amulet of guardian spirit (around neck)
 A - an uncursed ring of protection from fire
 D - a cursed ring of hunger (left claw)
 F - the amulet of Hadeom {Gourm +Fly MR++ SInv}
   (You bought it in a shop in a bazaar)

   [amulet of the gourmand]

   It affects your resistance to hostile enchantments.
   It enhances your eyesight.
   It lets you fly.
Potions
 C - 2 potions of restore abilities
Magical staves
 J - an uncursed staff of wizardry
Miscellaneous
 b - a box of beasts
 i - a lantern of shadows
 u - a disc of storms
 B - a fan of gales (inert)
 K - a lamp of fire (inert)
 L - a stone of tremors (inert)
 N - an ornate deck of defence {the Elixir, drawn: 1}
 O - a phial of floods (inert)
 S - a fan of gales (inert)
Rods
 a - a +4 rod of warding (14/14)
   (You found it on level 3 of the Crypt)
 c - a +9 rod of inaccuracy (4/17)
   (You found it on level 2 of the Elven Halls)
 W - a +5 rod of the swarm (14/14)
   (You found it in a labyrinth)
 Z - a +6 lightning rod (4/15) (weapon)
   (You took it off a deep elf priest on level 3 of the Elven Halls)


   Skills:
 - Level 8.5(5.7) Fighting
   Level 10.7(7.7) Short Blades
 - Level 16.0(12.6) Axes
 * Level 9.2(6.3) Maces & Flails
   Level 10.7(7.7) Polearms
 + Level 16.6(13.2) Armour
 - Level 9.9(7.0) Dodging
 + Level 21.2(17.5) Shields
 - Level 6.0(3.4) Unarmed Combat
 + Level 6.1(3.5) Spellcasting
 * Level 8.2(5.4) Charms
 - Level 3.2(0.8) Necromancy
 * Level 8.0(5.2) Translocations
 - Level 1.8(0.0) Air Magic
 + Level 15.8(12.5) Invocations
 * Level 23.9(20.0) Evocations


You had 19 spell levels left.
You knew the following spells:

 Your Spells              Type           Power        Failure   Level  Hunger
a - Repel Missiles        Chrm/Air       #.........   12%         2    ##.....
b - Regeneration          Chrm/Necr      ##........   17%         3    ###....
c - Apportation           Tloc           ###.......   2%          1    #......
d - Control Teleport      Chrm/Tloc      ###.......   28%         4    #####..
e - Recall                Summ/Tloc      N/A          21%         3    ###....
f - Flight                Chrm/Air       #.........   21%         3    ###....
g - Swiftness             Chrm/Air       #.......     12%         2    ##.....


Dungeon Overview and Level Annotations

Branches:
Dungeon (16/16)            Temple (0/1) D:7             Orc (4/4) D:11
    Elf (3/3) Orc:3          Lair (8/8) D:11         Shoals (5/5) Lair:4
 Spider (5/5) Lair:3        Slime (2/6) Lair:6       Vaults (5/5) D:14
  Blade (0/1) Vaults:4      Crypt (5/5) Vaults:3       Tomb (0/3) Crypt:3
   Hell (1/1)                 Tar (7/7) Hell            Zot (0/5) Depths:6
 Depths (6/6) D:16
    Dis: Hell:1         Geh: Hell:1         Coc: Hell:1

Altars:
Elyvilon
Fedhas
Kikubaaqudgha
Trog
Xom
Yredelemnul
Zin
Lugonu

Shops:
D:9 }[   D:13 **?%?   Orc:4 [?%?   Elf:3 *   Vaults:1 [   Vaults:2 +

Portals:
Hell: Depths:1 Depths:2 Depths:3 Depths:4 Depths:5 Depths:6
Abyss: Depths:4 Depths:5
Pandemonium: Depths:3 Depths:4

Annotations:
Tar:7 Ereshkigal


Innate Abilities, Weirdness & Mutations

You have claws for hands.
You are surrounded by a moderate repulsion field (EV +3).
You radiate miasma, and are resistant to rotting and decay.
You can steal the life force of all defeated enemies in sight.
You are extremely robust (+30% HP).
You can tolerate rotten meat.
You have very sharp teeth.
You are agile. (Dex +2)
You can translocate small distances at will.
Your body is deteriorating.
Your flesh is heat resistant.


Message History

Evoke which item? (* to show all) (? for menu, Esc to quit)
Okay, then.
Drink which item? (? for menu, Esc to quit)
Okay, then.
Read which item? (? for menu, Esc to quit)
Okay, then.
Unknown command.
Evoke which item? (* to show all) (? for menu, Esc to quit)
Okay, then.
Read which item? (? for menu, Esc to quit)
Okay, then.
Put on which piece of jewellery? (? for menu, Esc to quit)
Okay, then.
Put on which piece of jewellery? (? for menu, Esc to quit)
You remove your ring of sustenance.
The skeletal warrior misses you.
d - a +5 ring of evasion (right claw)
The reaper hits you from afar with a runed scythe!
You die...
Xom cackles wildly!
Fedhas appreciates your contribution to the ecosystem.

###.................#..
##...............###.
###'#########'### ##
###### #.#)......#.# #
#.}}.# #.........#.# #
#..})# #.#########.# #
#....# #..#######).#
#..|[# #..2.......##
#.######@#.......##
#.....Zzz##...).##
#}.|..}.z###.).#.##
#....:)}.# ##.###.##
#.###########'####)##
#..2.............##.##
#................###.#
#2...............# ###
#......D.........#


You could see a reaper, 3 skeletal warriors and a shadow dragon skeleton.

Vanquished Creatures
  Khufu (Crypt:5)
  Saint Roka (Depths:4)
  Boris (twice) (Vaults:4 Crypt:1)
  Sojobo (Vaults:3)
  Margery (Depths:6)
  Mennas (Depths:5)
  Geryon (Hell)
  2 golden dragons (Depths:6)
  Jory (Crypt:3)
  2 profane servitors
  8 bone dragons
  4 tentacled monstrosities
  A titan (Vaults:5)
  23 Shadow Fiends
  Murray (Hell)
  3 liches
  A quicksilver dragon (Vaults:5)
  2 sphinxes (Vaults:3)
  3 storm dragons
  Frances (Depths:3)
  Kirke (D:16)
  Agnes (Depths:1)
  11 shadow dragons
  13 tengu reavers
  7 ghost moths
  2 ancient champions
  2 revenants
  A deep elf sorcerer (Elf:3)
  6 frost giants
  2 ghouls (Vaults:3)
  Wiglaf (Spider:3)
  6 fire giants
  19 vault wardens
  2 cacodemons
  Aizul (Depths:2)
  Louise (Spider:5)
  3 curse skulls
  Gastronok (Orc:4)
  4 emperor scorpions (Spider:5)
  A balrug (Tar:7)
  2 angels (Depths:4)
  Jorgrun (Spider:3)
  The ghost of oplop the Conjurer, a powerful DrWz of Sif Muna (Orc:4)
  29 reapers
  A draconian shifter (Depths:6)
  2 vampire knights
  7 eidola
  45 stone giants
  A lorocyproca (Tar:7)
  2 deep elf annihilators
  A draconian caller (Depths:6)
  2 deep elf demonologists
  3 blizzard demons
  Azrael (Spider:4)
  A mottled draconian (Depths:6)
  A red draconian (Depths:6)
  2 white draconians (Depths:6)
  2 green deaths
  An unborn (Crypt:5)
  A merfolk javelineer (Shoals:5)
  17 ettins
  6 statues (WizLab)
  3 merfolk impalers (Shoals:5)
  The ghost of thfral the Bludgeoner, a powerful GrBe of Trog (D:14)
  Snorg (Spider:5)
  5 deep elf death magi
  2 mummy priests (Crypt:5)
  A minotaur (Lab)
  6 fire dragons
  35 vault guards
  4 deep elf high priests
  21 jiangshi
  2 sirens
  A hydra (shapeshifter) (Vaults:5)
  A pearl dragon skeleton (Depths:6)
  A fire dragon (shapeshifter) (Depths:2)
  11 ironheart preservers
  28 yaktaur captains
  4 death cobs
  12 hydras
  Harold (D:11)
  Josephine (D:12)
  A large abomination (Elf:1)
  A ravenous feature mimic (Crypt:5)
  5 ice dragons
  Nessos (D:11)
  A ravenous item mimic (Elf:3)
  10 deep troll earth magi
  12 deep troll shamans
  5 tengu warriors
  5 plague shamblers
  6 vampire magi
  7 deep dwarf death knights
  5 naga warriors
  4 rakshasas
  A spectral elf (Crypt:4)
  13 very ugly things
  Urug (D:11)
  18 centaur warriors
  3 hell hogs (Hell)
  12 hell knights
  10 dancing weapons
  A fire crab (Vaults:2)
  Nergalle (D:10)
  27 soul eaters
  3 sun demons
  30 shadow wraiths
  3 iron golems
  16 ogre magi
  62 skeletal warriors
  2 orc high priests (Orc:4)
  A titan skeleton (Depths:1)
  An unseen horror (shapeshifter) (Depths:5)
  25 deep trolls
  10 shadow demons (Tar:7)
  3 sea snakes
  8 deep elf knights
  A spectral ancient bear (Crypt:4)
  A wandering mushroom (Lair:8)
  6 iron trolls
  A faun (shapeshifter) (Depths:3)
  A deep troll (shapeshifter) (Depths:5)
  5 wizards (Vaults:3)
  2 ice devils
  A swamp dragon (Lair:2)
  2 ice statues (Hell)
  A lindwurm (Lair:8)
  15 flayed ghosts
  11 necromancers
  An anaconda skeleton (Crypt:2)
  A lindwurm (shapeshifter) (Vaults:5)
  5 hellions
  2 giant amoebae
  A harpy (shapeshifter) (Depths:2)
  3 orc sorcerers
  A shining eye (Slime:1)
  9 cyclopes
  14 orc knights
  A griffon (shapeshifter) (Vaults:5)
  14 deep elf conjurers
  6 griffons
  23 harpies
  8 unseen horrors
  14 hill giants
  5 flaming corpses
  A wolf spider (shapeshifter) (Vaults:5)
  A stone giant zombie (Vaults:3)
  A frost giant zombie (Vaults:3)
  11 ironbrand convokers
  10 red wasps
  13 shadow dragon skeletons
  26 wolf spiders
  A tengu skeleton (Vaults:4)
  A moth of wrath (shapeshifter) (Depths:3)
  5 spiny worms
  3 hell beasts
  An iron dragon skeleton (Depths:1)
  6 elephants
  A draconian (shapeshifter) (Depths:3)
  3 apis skeletons (Depths:6)
  A sixfirhy (Tar:7)
  An octopode (D:9)
  4 stone giant skeletons
  A guardian serpent (shapeshifter) (Vaults:5)
  6 deep elf summoners
  12 vault sentinels
  15 phantasmal warriors
  2 fire giant skeletons (Depths:1)
  A frost giant skeleton (Depths:1)
  A black mamba (Lair:3)
  Sonja (Orc:2)
  10 spiny frogs
  2 small abominations
  Psyche (D:11)
  3 orange demons
  2 fire drakes
  A fire drake (shapeshifter) (Depths:2)
  An item mimic (Lair:8)
  4 tormentors (Tar:7)
  62 yaktaurs
  A satyr skeleton (Crypt:1)
  A storm dragon simulacrum (Vaults:3)
  6 smoke demons
  8 elves (Vaults:3)
  3 phoenix simulacra (Depths:6)
  2 spectral deep dwarves
  A naga mage (Vaults:2)
  3 red devils (Hell)
  A white draconian skeleton (Crypt:4)
  A yaktaur (shapeshifter) (Vaults:5)
  7 mermaids
  14 demonic crawlers
  3 tengu conjurers
  5 human skeletons
  A grey draconian skeleton (Crypt:1)
  8 guardian mummies
  14 orb spiders
  3 giant fireflies (Lair:8)
  4 iron devils
  A silent spectre (Tar:7)
  4 iron troll skeletons
  A hellwing (Depths:4)
  4 trolls
  A pale draconian skeleton (Crypt:4)
  23 two-headed ogres
  3 polar bears (Lair:7)
  14 deep elf priests
  24 death drake skeletons
  A polar bear (shapeshifter) (Vaults:3)
  A jumping spider (shapeshifter) (Vaults:5)
  14 komodo dragons
  7 blue devils
  2 shadow dragon simulacra
  A frost giant simulacrum (Vaults:3)
  27 jumping spiders
  6 boulder beetles
  A raven (shapeshifter) (Vaults:5)
  55 slime creatures
  Prince Ribbit (D:9)
  9 snapping turtles
  2 brown oozes (Slime:1)
  3 hydra skeletons
  A trapdoor spider (shapeshifter) (Depths:1)
  A giant amoeba zombie (Crypt:2)
  79 flying skulls
  9 vampires
  2 air elementals (Vaults:3)
  A guardian serpent skeleton (Crypt:3)
  8 metal gargoyles (Hell)
  2 tarantellas (shapeshifter)
  25 blink frogs
  6 basilisks
  100 ugly things
  A fire dragon skeleton (Crypt:2)
  A formicid drone (Spider:5)
  A hog (shapeshifter) (Vaults:1)
  14 ettin skeletons
  21 shadows
  A basilisk (shapeshifter) (Vaults:5)
  21 trapdoor spiders
  A redback (shapeshifter) (Depths:5)
  3 ice dragon skeletons
  54 yaks
  A merfolk (shapeshifter) (Depths:4)
  42 redbacks
  A water elemental (Hell)
  A hill giant zombie (D:16)
  22 wraiths
  31 deep elf magi
  8 humans (Vaults:3)
  2 chaos spawn
  Eustachio (D:4)
  24 tarantellas
  12 sharks
  5 hungry ghosts
  3 fire elementals (Spider:4)
  6 elephant slugs
  38 deep elf fighters
  8 hippogriffs
  Grum (Orc:4)
  23 merfolk
  14 wolves
  A stone giant simulacrum (Vaults:2)
  12 vampire mosquitoes
  2 wyverns (D:15)
  3 hogs (D:16)
  A redback simulacrum (Vaults:3)
  2 steam dragons
  A deep dwarf zombie (Crypt:5)
  10 hell hounds
  3 hill giant skeletons
  3 mottled dragons
  A spriggan skeleton (Crypt:3)
  A porcupine (shapeshifter) (Vaults:5)
  A spatial vortex (Tar:7)
  3 swamp drakes
  A raven skeleton (Crypt:3)
  3 soldier ants (shapeshifter)
  6 necrophages
  A deep dwarf (D:11)
  A deep troll skeleton (Crypt:5)
  5 manticores
  4 porcupines
  2 phantoms
  Purgy (Sewer)
  A spectral shapeshifter (Depths:1)
  10 freezing wraiths
  3 black bears
  11 giant goldfish
  14 ice beasts
  3 kobold demonologists (Vaults:3)
  12 nagas
  44 orc warriors
  57 ogres
  9 rotting devils
  17 centaurs
  4 yellow wasps
  6 wargs
  An elephant skeleton (Crypt:4)
  11 tengu
  9 lava worms
  14 crocodiles
  A lost soul (Crypt:5)
  A formicid (Spider:3)
  7 giant slugs
  7 big kobolds
  A giant frog (shapeshifter) (D:9)
  18 giant frogs
  9 brain worms
  16 agate snails
  2 cyclops zombies
  9 water moccasins
  2 manticore zombies
  A spiny worm simulacrum (D:14)
  3 gnoll sergeants
  5 sky beasts
  A chimera skeleton (Crypt:2)
  A glowing shapeshifter simulacrum (Depths:1)
  6 yaktaur skeletons
  A manticore skeleton (Crypt:2)
  A queen bee (shapeshifter) (D:16)
  33 wights
  A troll zombie (D:8)
  8 lava fish
  A troll (shapeshifter) (D:16)
  18 killer bees
  An eye of draining (D:16)
  2 pulsating lumps (Lair:6)
  5 goliath beetles
  A pulsating lump (shapeshifter) (Depths:6)
  A troll skeleton (D:10)
  9 electric eels
  8 jellyfish
  21 crimson imps
  5 lava snakes
  2 quasits
  A giant frog zombie (D:12)
  2 yaktaur simulacra
  8 big fish
  14 hounds
  32 orc priests
  3 gnoll shamans
  7 iguanas
  6 jellies
  A centaur zombie (D:12)
  48 spiders
  A centaur skeleton (D:12)
  3 iron imps
  A giant slug simulacrum (D:16)
  2 giant frog skeletons
  A basilisk skeleton (Crypt:1)
  9 scorpions
  A water moccasin skeleton (Crypt:3)
  2 yak simulacra
  6 orange rats
  29 orc wizards
  A warg skeleton (Orc:4)
  A killer bee zombie (D:5)
  18 sheep
  A crocodile zombie (D:8)
  10 worker ants
  An ogre zombie (D:8)
  2 necrophage skeletons
  A big kobold skeleton (D:11)
  A crocodile skeleton (Crypt:4)
  A sky beast zombie (D:6)
  An ogre skeleton (D:8)
  A mummy (Hell)
  An orange rat zombie (Hell)
  3 orange rat skeletons (Hell)
  43 gnolls
  38 green rats
  2 lemures
  19 adders
  9 shadow imps
  3 giant mites
  A goliath beetle zombie (D:11)
  5 white imps
  19 worms
  An orange rat simulacrum (Hell)
  2 ufetubi
  A halfling skeleton (Crypt:1)
  A sheep skeleton (Crypt:1)
  3 adder skeletons
  An adder zombie (D:9)
  2 grey rats (Orc:4)
  12 giant eyeballs
  16 oozes
  166 orcs
  27 bats
  A bat zombie (Crypt:1)
  6 giant centipedes
  8 giant cockroaches
  41 hobgoblins
  25 jackals
  20 kobolds
  12 quokkas
  3 ball pythons
  A ball python skeleton (Crypt:3)
  7 giant geckos
  A giant gecko skeleton (Crypt:4)
  6 giant newts
  3 giant newt skeletons
  2 giant spores
  45 goblins
  A goblin skeleton (D:4)
  A hobgoblin zombie (D:9)
  19 illusory rakshasas
  A lava orc skeleton (Crypt:1)
  An orc skeleton (Orc:4)
  2 orc zombies
  A quokka skeleton (D:7)
  A quokka zombie (D:9)
  35 rats
  3 spectral orcs (D:10)
  4 ballistomycetes (Vaults:5)
  A butterfly (D:7)
  7 crawling corpses
  2 fungi (Depths:4)
  A tentacle (Shoals:5)
  14 toadstools (Vaults:5)
3353 creatures vanquished.

Vanquished Creatures (collateral kills)
  A deep elf blademaster (Elf:3)
  2 deep elf master archers (Elf:3)
  A kraken (Shoals:5)
  Donald (Orc:4)
  4 deep elf sorcerers (Elf:3)
  A stone giant (Vaults:5)
  3 deep elf demonologists (Elf:3)
  7 deep elf annihilators (Elf:3)
  3 merfolk javelineers (Shoals:5)
  A merfolk impaler (Shoals:5)
  A deep elf death mage (Elf:3)
  A deep elf high priest (Elf:3)
  A siren (Shoals:5)
  A merfolk aquamancer (Shoals:5)
  6 wandering mushrooms
  5 spectral elves (Elf:3)
  A soul eater (Tar:7)
  4 orc high priests (Orc:4)
  2 deep elf knights
  A skeletal warrior (Depths:1)
  A flayed ghost (Tar:7)
  An ice devil (Hell)
  2 sea snakes (Shoals:5)
  A giant amoeba (shapeshifter) (Vaults:5)
  An ice statue (Lair:7)
  4 orc knights (Orc:4)
  A harpy (Shoals:5)
  A hill giant (D:11)
  A necromancer (Depths:5)
  A shadow dragon skeleton (Tar:6)
  5 deep elf conjurers
  A hell beast (Hell)
  A hellion (Tar:7)
  A wolf spider (Spider:5)
  A sixfirhy (Orc:4)
  3 elephants (Lair:3)
  A vault sentinel (Vaults:5)
  A spiny frog (D:11)
  A formicid venom mage (Spider:5)
  A mermaid (Shoals:5)
  A death drake zombie (Tar:7)
  3 yaktaurs
  A blue devil (Elf:3)
  2 orb spiders
  A troll (Orc:4)
  A jumping spider (Spider:2)
  A giant leech (Lair:8)
  A brown ooze (shapeshifter) (Depths:2)
  A snapping turtle (Shoals:5)
  4 death drake skeletons
  A slime creature (D:13)
  7 flying skulls
  A trapdoor spider (Spider:5)
  3 wraiths
  A chaos spawn (Elf:3)
  A tarantella (Spider:5)
  4 deep elf magi
  A shadow (Tar:6)
  A merfolk (shapeshifter) (Elf:3)
  An elephant slug (Lair:8)
  3 redbacks (Vaults:5)
  4 deep elf fighters
  A hippogriff (Shoals:5)
  A vampire mosquito (D:11)
  4 wolves
  A naga (Depths:3)
  2 swamp drakes (Lair:8)
  13 orc warriors
  A tengu (Depths:5)
  An ice beast (D:13)
  2 yellow wasps (Spider:5)
  A boring beetle (Spider:3)
  A water moccasin (D:11)
  A rotting devil (Tar:7)
  A big kobold (D:14)
  A crimson imp (Elf:3)
  10 orc priests
  8 orc wizards
  An iguana (D:10)
  A quasit (Elf:3)
  A spider (Spider:3)
  An iron imp (Elf:3)
  2 orange rats
  An adder (D:11)
  2 gnolls (D:9)
  2 white imps (Elf:3)
  A giant mite (Lair:3)
  A shadow imp (Tar:7)
  A worm (Lair:8)
  An orange rat simulacrum (Hell)
  An ufetubus (Lair:8)
  43 orcs
  2 bats
  A jackal (D:9)
  4 giant spores
  5 kobolds
  5 orc skeletons (Orc:4)
  7 toadstools
253 creatures vanquished.

Vanquished Creatures (others)
  A deep elf blademaster (Elf:3)
  10 oklob plants
  A thorn hunter (Elf:3)
  A tengu reaver (Vaults:3)
  Ilsuiw (Shoals:5)
  A ghoul (Crypt:5)
  A stone giant (Vaults:3)
  A deep elf high priest (Elf:2)
  A deep elf death mage (Crypt:4)
  3 plague shamblers
  3 hyperactive ballistomycetes (Elf:3)
  An orc high priest (Elf:3)
  62 wandering mushrooms
  A redback zombie (Crypt:2)
  2 air elementals (Shoals:5)
  3 elves (Vaults:3)
  An orb spider (Spider:5)
  A red wasp zombie (Crypt:4)
  19 shadows
  A giant leech zombie (Crypt:3)
  3 humans
  A spiny worm zombie (D:15)
  6 necrophages
  A deep elf fighter (Elf:3)
  A kobold demonologist (Vaults:3)
  An ogre (Depths:4)
  6 lost souls
  A quasit (D:8)
  A hound (D:9)
  A human zombie (Vaults:3)
  2 spiders
  An orc priest (Elf:3)
  2 worker ants (Lair:8)
  A spectral orc (D:10)
  2 brain worm zombies
  A kobold zombie (Vaults:3)
  A giant centipede (shapeshifter) (Vaults:5)
  A green rat (D:9)
  A shadow imp (D:11)
  A white imp (D:9)
  A kobold (Depths:5)
  A giant gecko zombie (D:11)
  2 giant spores
  2 ballistomycetes
  7 briar patches
  A crawling corpse (Elf:3)
  10 fungi
  6 plants
  16 tentacles (Shoals:5)
  118 tentacle segments (Shoals:5)
  1512 toadstools
1826 creatures vanquished.

Grand Total: 5432 creatures vanquished

Notes
Turn   | Place    | Note
--------------------------------------------------------------
     0 | D:1      | M4edhros, the Demonspawn Fighter, began the quest for the Orb.
     0 | D:1      | Reached XP level 1. HP: 18/18 MP: 1/1
   242 | D:1      | Gained mutation: You are surrounded by a mild repulsion field (EV +2). [demonic ancestry]
   242 | D:1      | Reached XP level 2. HP: 18/24 MP: 2/2
   689 | D:2      | Gained mutation: You can tolerate rotten meat. [demonic ancestry]
   689 | D:2      | Reached XP level 3. HP: 18/29 MP: 3/3
  1550 | D:3      | Reached skill level 1 in Dodging
  1550 | D:3      | Gained mutation: You have sharp fingernails. [demonic ancestry]
  1550 | D:3      | Reached XP level 4. HP: 32/35 MP: 4/4
  1871 | D:4      | Gained mutation: You emit a foul stench, and are resistant to rotting and decay. [demonic ancestry]
  1871 | D:4      | Reached XP level 5. HP: 36/41 MP: 5/5
  2672 | D:4      | Found a blossoming altar of Fedhas.
  2824 | D:4      | Gained mutation: You can steal the life force of nearby defeated enemies. [demonic ancestry]
  2824 | D:4      | Reached XP level 6. HP: 33/47 MP: 6/6
  2982 | D:4      | Reached skill level 4 in Armour
  3057 | D:4      | Noticed a big kobold
  3057 | D:4      | Noticed a big kobold
  3057 | D:4      | Noticed a big kobold
  3164 | D:3      | Killed a big kobold
  3202 | D:4      | Killed a big kobold
  3542 | D:4      | Gained mutation: You are surrounded by a moderate repulsion field (EV +3). [demonic ancestry]
  3542 | D:4      | Reached XP level 7. HP: 38/52 MP: 7/7
  3634 | D:4      | Noticed Eustachio
  3653 | D:4      | Noticed an orc warrior
  3696 | D:5      | Entered Level 5 of the Dungeon
  4217 | D:4      | Noticed an orc warrior
  4296 | D:5      | Reached skill level 5 in Shields
  4301 | D:5      | Reached skill level 5 in Armour
  4426 | D:5      | Found a glowing drain.
  4457 | Sewer    | Entered a sewer
  4487 | Sewer    | Noticed Purgy
  4511 | Sewer    | Killed Purgy
  4511 | Sewer    | Gained mutation: You radiate miasma, and are resistant to rotting and decay. [demonic ancestry]
  4511 | Sewer    | Reached XP level 8. HP: 44/58 MP: 8/8
  4830 | D:6      | Paralysed by a giant eyeball for 4 turns
  4893 | D:6      | Reached skill level 5 in Polearms
  5379 | D:6      | Found a white marble altar of Elyvilon.
  5610 | D:6      | Found a shimmering altar of Xom.
  5638 | D:6      | Found a white marble altar of Elyvilon.
  5647 | D:6      | Became a worshipper of The Xom-Meister
  5658 | D:6      | XOM: harmless Fire miscast
  5831 | D:6      | Reached skill level 6 in Armour
  5909 | D:4      | XOM: enchant monster (good)
  5917 | D:5      | Killed an orc warrior
  5945 | D:4      | Reached XP level 9. HP: 63/63 MP: 9/9
  5983 | D:4      | Killed Eustachio
  6111 | D:4      | Killed a big kobold
  6111 | D:4      | Reached skill level 5 in Dodging
  6113 | D:4      | Got a crude long sword {vamp}
  6114 | D:4      | Identified the +2,+5 long sword "Xemek" {vamp, -Cast +Fly MR+ Int+4} (You took it off a big kobold on level 4 of the Dungeon)
  6330 | D:4      | Killed an orc warrior
  6410 | D:4      | XOM: divination: detect creatures
  6447 | D:5      | Paralysed by a giant eyeball for 4 turns
  6912 | D:7      | Paralysed by a giant eyeball for 3 turns
  6916 | D:7      | Paralysed by a giant eyeball for 2 turns
  6929 | D:7      | XOM: divination: detect items
  7020 | D:7      | XOM: potion effect (experience)
  7020 | D:7      | Reached skill level 9 in Polearms
  7020 | D:7      | Reached XP level 10. HP: 33/70 MP: 10/10
  7365 | D:7      | XOM: scenery: 2 doors open, 1 doors close
  7491 | D:7      | Found a staircase to the Ecumenical Temple.
  7619 | D:8      | Paralysed by a giant eyeball for 4 turns
  7693 | D:8      | XOM: confuse monster(s)
  7746 | D:8      | XOM: silly message
  7790 | D:8      | XOM: summons friendly quasit
  7794 | D:8      | XOM: harmless Erth miscast
  7812 | D:8      | XOM: enchant monster (good)
  8247 | D:8      | Noticed a hill giant
  8253 | D:8      | XOM: enchant monster (good)
  8260 | D:8      | HP: 1/70 [hill giant/giant club (36)]
  8263 | D:8      | XOM: enchant monster (good)
  8263 | D:8      | Killed a hill giant
  8265 | D:8      | XOM: harmless Hex miscast
  8498 | D:8      | XOM: cast spell 'Stoneskin'
  8665 | D:8      | XOM: harmless Pois miscast
  8751 | D:8      | XOM: noise
  8809 | D:8      | XOM: silly message
  8828 | D:8      | Reached skill level 10 in Armour
  8896 | D:8      | XOM: harmless Ice miscast
  9270 | D:9      | Noticed Prince Ribbit
  9270 | D:9      | XOM: noise
  9286 | D:9      | XOM: confuse monster(s)
  9300 | D:9      | XOM: chaos upgrade
  9304 | D:9      | Found Maolleum's Armour Shoppe.
  9322 | D:9      | XOM: confusion (+ monsters)
  9337 | D:9      | XOM: cast spell 'Blink'
  9357 | D:9      | XOM: confuse monster(s)
  9374 | D:9      | XOM: confusion (+ monsters)
  9383 | D:9      | XOM: enchant monster (bad)
  9384 | D:9      | XOM: harmless Summ miscast
  9392 | D:9      | Reached XP level 11. HP: 16/75 MP: 11/11
  9398 | D:9      | Killed Prince Ribbit
  9408 | D:9      | Reached skill level 10 in Polearms
  9510 | D:9      | Bought a +0 cloak for 21 gold pieces
  9518 | D:9      | Found Priol's Gadget Boutique.
  9609 | D:9      | XOM: polymorph gnoll -> green rat
  9630 | D:9      | XOM: medium Hex miscast
 10053 | D:9      | XOM: summons friendly white imp
 10060 | D:9      | XOM: god gift: ring of wizardry {god gift}
 10070 | D:9      | XOM: enchant monster (good)
 10078 | D:9      | XOM: inner flame monster(s)
 10248 | D:9      | XOM: vitrification
 10321 | D:9      | XOM: vitrification
 10365 | D:9      | XOM: scenery: 8 doors close
 10487 | D:9      | XOM: god gift: potion of curing
 10560 | D:10     | Entered Level 10 of the Dungeon
 10597 | D:10     | Noticed Fannar
 10620 | D:10     | Noticed Fannar
 10620 | D:10     | Fannar changed into Fannar the slime creature
 10628 | D:10     | Killed Fannar the slime creature
 10815 | D:10     | Noticed Nergalle
 10843 | D:10     | XOM: confuse monster(s)
 10844 | D:10     | XOM: 2-stop teleportation journey
 10846 | D:10     | XOM: summons friendly quasit
 10853 | D:10     | Paralysed by a giant eyeball for 4 turns
 10859 | D:10     | Noticed a spectral orc warlord
 10868 | D:10     | XOM: divination: magic mapping
 10876 | D:10     | XOM: 3-stop teleportation journey
 10885 | D:10     | XOM: 1-stop teleportation journey
 10899 | D:10     | Killed Nergalle
 10986 | D:10     | Noticed Urug
 11049 | D:11     | Noticed a hill giant
 11058 | D:11     | Killed a hill giant
 11068 | D:11     | XOM: potion effect (agility)
 11081 | D:11     | Killed Urug
 11107 | D:11     | Noticed Psyche
 11119 | D:11     | Killed Psyche
 11161 | D:11     | XOM: inner flame monster(s)
 11291 | D:11     | XOM: summons friendly shadow imp
 11323 | D:11     | Found a staircase to the Lair.
 11344 | D:11     | XOM: enchant monster (bad)
 11349 | D:11     | XOM: medium Ice miscast
 11352 | D:11     | XOM: blink monster(s)
 11365 | D:11     | XOM: stat loss: -1 Dex (15/16)
 11393 | D:11     | Noticed Harold
 11409 | D:11     | Killed Harold
 11524 | D:11     | Killed an unseen horror
 11531 | D:11     | XOM: summons 5 hostile demons
 11546 | D:11     | Found a staircase to the Orcish Mines.
 11546 | D:11     | XOM: confusion
 11620 | D:11     | XOM: medium Ice miscast
 11697 | D:11     | XOM: confusion
 11698 | D:11     | XOM: harmless Tloc miscast
 11700 | D:11     | XOM: harmless Summ miscast
 11780 | D:11     | XOM: vitrification
 11822 | D:11     | Killed an unseen horror
 11850 | D:11     | Noticed Nessos
 11865 | D:11     | XOM: cast spell 'Summon Ugly Thing'
 11946 | D:11     | XOM: polymorph plant -> oklob plant
 12155 | D:4      | Fell from the grace of Xom
 12155 | D:4      | Became a worshipper of Fedhas Madash
 12608 | D:10     | XOM: give mutations
 12608 | D:10     | Gained mutation: Your mind is acute. (Int +2) [Xom's mischief]
 12608 | D:10     | Gained mutation: You have very sharp teeth. [Xom's mischief]
 12608 | D:10     | Gained mutation: You have supernaturally acute eyesight. [Xom's mischief]
 12608 | D:10     | Gained mutation: You have a fast metabolism. [Xom's mischief]
 12753 | D:10     | Noticed an unseen horror
 12761 | D:10     | Killed an unseen horror
 12898 | D:10     | Gained mutation: You have very sharp fingernails. [demonic ancestry]
 12898 | D:10     | Reached XP level 12. HP: 77/81 MP: 12/12
 12991 | D:10     | Noticed a giant amoeba
 13007 | D:10     | Killed a giant amoeba
 13516 | D:11     | Killed Nessos
 13516 | D:11     | Reached skill level 5 in Axes
 13679 | D:12     | Noticed Josephine
 13691 | D:12     | Killed Josephine
 13976 | D:12     | Noticed a seven-headed hydra
 14370 | Orc:1    | Entered Level 1 of the Orcish Mines
 14498 | Orc:1    | Acquired Fedhas' first power
 14754 | Orc:1    | XOM: noise
 14776 | Orc:1    | Acquired Fedhas' second power
 14898 | Orc:1    | Reached skill level 1 in Invocations
 14937 | Orc:2    | Noticed Sonja
 15185 | Orc:2    | Killed Sonja
 15377 | Orc:2    | XOM: summons 5 hostile shadow creatures
 15808 | Orc:3    | Acquired Fedhas' third power
 15873 | Orc:3    | Found a staircase to the Elven Halls.
 16109 | Orc:4    | Entered Level 4 of the Orcish Mines
 16109 | Orc:4    | Found a bloodstained altar of Trog.
 16237 | Orc:4    | Noticed Gastronok
 16293 | Orc:4    | Killed Gastronok
 16293 | Orc:4    | Reached skill level 10 in Axes
 16389 | Orc:4    | Acquired Fedhas' fourth power
 16393 | Orc:4    | Noticed Donald
 16410 | Orc:4    | Killed Donald
 16410 | Orc:4    | Reached skill level 5 in Invocations
 16534 | Orc:4    | XOM: harmless Conj miscast
 16613 | Orc:4    | XOM: silly message
 16663 | Orc:4    | Noticed oplop's ghost (powerful DrWz)
 16696 | Orc:4    | Killed oplop's ghost
 17412 | Orc:4    | Gained mutation: You have claws for hands. [demonic ancestry]
 17412 | Orc:4    | Reached XP level 13. HP: 70/87 MP: 23/23
 17471 | Orc:4    | Reached skill level 11 in Axes
 17475 | Orc:4    | XOM: medium Erth miscast
 17654 | Orc:4    | Acquired Fedhas' fifth power
 17924 | Orc:4    | Noticed Grum
 17941 | Orc:4    | Killed Grum
 18507 | Orc:4    | Found Metricac's Antique Armour Emporium.
 18507 | Orc:4    | Found Bigav's Magic Scroll Emporium.
 18507 | Orc:4    | Found Locukos' Magic Scroll Shoppe.
 18519 | Orc:4    | Found Mebail's Food Emporium.
 18546 | Orc:4    | Bought an encrusted troll leather armour for 1540 gold pieces
 18548 | Orc:4    | Bought a scroll of identify for 22 gold pieces
 18549 | Orc:4    | Identified the +0 troll leather armour of the Suburbs {+Inv} (You bought it in a shop on level 4 of the Orcish Mines)
 18571 | Orc:4    | Bought 3 scrolls of recharging for 198 gold pieces
 18576 | Orc:4    | Bought a scroll of enchant weapon I for 60 gold pieces
 18733 | Lair:1   | Entered Level 1 of the Lair of Beasts
 18774 | Lair:1   | XOM: give mutation
 18774 | Lair:1   | Gained mutation: You are frail (-10% HP). [Xom's mischief]
 19056 | Lair:1   | Got a faintly glowing buckler
 19057 | Lair:1   | Identified the +0 buckler of Xom's Delight {Dex+2 Int+1} (You found it on level 1 of the Lair of Beasts)
 19912 | Lair:2   | Found a labyrinth entrance.
 19917 | Lab      | Entered a labyrinth
 20395 | Lab      | Reached skill level 1 in Evocations
 20430 | Lab      | Identified Chid's Guide on Displaced Protection
 20489 | Lab      | Identified a cursed +5 rod of the swarm (14/14) (You found it in a labyrinth)
 20931 | Lair:2   | Got a steaming mace
 20932 | Lair:2   | Identified the +8,+6 mace of Temperance {venom, rN+ MR++ Dex+3} (You found it on level 2 of the Lair of Beasts)
 21209 | Lair:3   | Found a hole to the Spider Nest.
 21886 | Lair:3   | Reached skill level 12 in Axes
 22059 | Lair:4   | Found a staircase to the Shoals.
 22302 | Lair:4   | Lost mutation: You are frail (-10% HP). [demonic ancestry]
 22302 | Lair:4   | Gained mutation: You are robust (+10% HP). [demonic ancestry]
 22302 | Lair:4   | Reached XP level 14. HP: 70/105 MP: 27/27
 22304 | Lair:4   | Reached skill level 5 in Fighting
 23081 | Lair:5   | XOM: give mutations
 23081 | Lair:5   | Gained mutation: Your muscles are strong. (Str +2) [Xom's mischief]
 23081 | Lair:5   | Lost mutation: Your mind is acute. (Int +2) [Xom's mischief]
 23081 | Lair:5   | Lost mutation: You have supernaturally acute eyesight. [Xom's mischief]
 23081 | Lair:5   | Gained mutation: Your vision is a little blurry. [Xom's mischief]
 23386 | Lair:5   | Reached skill level 10 in Invocations
 23794 | Lair:6   | Got a crude ring mail
 23796 | Lair:6   | Identified the +4 ring mail of Trial and Error {+Rage rC+ Dam+6} (You found it on level 6 of the Lair of Beasts)
 24213 | Lair:6   | Found a staircase to the Slime Pits.
 24554 | Lair:7   | Got a flickering glass ring
 24567 | Lair:7   | Identified the ring of Dongeu {Str+2 Dex+4 Int+1} (You found it on level 7 of the Lair of Beasts)
 24607 | Lair:7   | Got a dazzling spear
 24608 | Lair:7   | Identified the +11,+8 spear of Resourcefulness {venom, *Rage rF++ Dex+3 Stlth++} (You found it on level 7 of the Lair of Beasts)
 24700 | Lair:7   | Reached skill level 10 in Shields
 25453 | Lair:8   | Entered Level 8 of the Lair of Beasts
 25514 | Lair:8   | Gained mutation: You have a pair of small horns on your head. [potion of mutation]
 25514 | Lair:8   | Gained mutation: Your spells are a little harder to cast, but a little more powerful. [potion of mutation]
 25514 | Lair:8   | Gained mutation: Armour fits poorly on your strangely shaped body. [potion of mutation]
 25719 | Lair:8   | Identified a scroll of acquirement
 25754 | Lair:8   | Got a distressingly furry crystal plate armour
 25755 | Lair:8   | Identified the +8 crystal plate armour of Oblivion {+Blink rElec rF+} (You acquired it on level 8 of the Lair of Beasts)
 26022 | Lair:8   | XOM: summons 11 hostile demons
 27550 | Elf:1    | Entered Level 1 of the Elven Halls
 27564 | Elf:1    | Reached skill level 13 in Axes
 27584 | Elf:1    | Reached XP level 15. HP: 111/116 MP: 29/29
 27804 | Elf:1    | Upgraded the game from 0.14-a0-1444-g21dc12d to 0.14-a0-1474-g1105da3
 28813 | Elf:2    | Noticed a thorn hunter
 28813 | Elf:2    | a wandering mushroom changed into a thorn hunter
 28813 | Elf:2    | XOM: polymorph wandering mushroom -> thorn hunter
 29046 | Elf:2    | Identified a +0 rod of inaccuracy (11/11) (You found it on level 2 of the Elven Halls)
 29268 | Elf:2    | Yermak: wowowow
 29270 | Elf:2    | Yermak: What this?
 29270 | Elf:2    | M4edhros: hi there
 29274 | Elf:2    | Yermak: Fedhas upgrade?
 29276 | Elf:2    | M4edhros: nope
 29276 | Elf:2    | M4edhros: thats Xom
 29276 | Elf:2    | M4edhros: meeting my wandering mushroom
 29276 | Elf:2    | Yermak: Xom?
 29276 | Elf:2    | M4edhros: i forgot Xom to get Fedhas
 29276 | Elf:2    | Yermak: oh
 29276 | Elf:2    | M4edhros: around 6 lvl ofdungeon
 29276 | Elf:2    | M4edhros: and like 30 secs ago
 29276 | Elf:2    | M4edhros: he changed my mushroom into this
 29276 | Elf:2    | M4edhros: monster i might say
 29276 | Elf:2    | Yermak: awesome
 29556 | Elf:2    | XOM: mild Chrm miscast
 29557 | Elf:2    | M4edhros: i did not test it yet
 29557 | Elf:2    | M4edhros: but one game
 29557 | Elf:2    | M4edhros: random orc in dungeon
 29557 | Elf:2    | M4edhros: spawned with polymorph wand
 29557 | Elf:2    | M4edhros: and it polymorphed my mushroom
 29557 | Elf:2    | M4edhros: into this
 29557 | Elf:2    | M4edhros: and i went through mid game like thunder thanks to it
 29557 | Elf:2    | M4edhros: i want to test it ,if i can polymorph my mushrooms myself
 29557 | Elf:2    | M4edhros: and get army of those roses
 29557 | Elf:2    | M4edhros: (u get penance for it)
 29557 | Elf:2    | M4edhros: but just now
 29557 | Elf:2    | M4edhros: i got also rod of innacuracy
 29557 | Elf:2    | M4edhros: so im lucky
 29557 | Elf:2    | M4edhros: totaly
 29557 | Elf:2    | M4edhros: and this char has crystal armour
 29557 | Elf:2    | M4edhros: +8 blink rf
 29557 | Elf:2    | M4edhros: and relec
 29557 | Elf:2    | M4edhros: want to test disc of storms though
 29557 | Elf:2    | M4edhros: but need more evoc
 29557 | Elf:2    | Yermak: haha
 29557 | Elf:2    | M4edhros: and this relec is perfect
 29557 | Elf:2    | Yermak: I wonder if disc of storms will fire through your pants
 29557 | Elf:2    | Yermak: plants*, ahah
 29557 | Elf:2    | M4edhros: : )
 29580 | Elf:3    | Entered Level 3 of the Elven Halls
 29637 | Elf:3    | XOM: chaos upgrade
 29752 | Elf:3    | Found Etieqav's Assorted Antiques.
 29759 | Elf:3    | Bought a lumpy cyan potion for 36 gold pieces
 29878 | Elf:3    | XOM: summons 6 hostile demons
 30223 | Elf:3    | Yermak: Can you upgrade those summoned plants?
 30223 | Elf:3    | M4edhros: unfortunaltey
 30223 | Elf:3    | M4edhros: not
 30228 | Elf:3    | Noticed a deep elf blademaster
 30230 | Elf:3    | Noticed a deep elf blademaster
 30237 | Elf:3    | Yermak: do bomb!
 30237 | Elf:3    | M4edhros: bomb?
 30237 | Elf:3    | M4edhros: ah
 30237 | Elf:3    | M4edhros: lol
 30237 | Elf:3    | M4edhros: ur right
 30237 | Elf:3    | Yermak: ah
 30237 | Elf:3    | M4edhros: i should have done that
 30238 | Elf:3    | Yermak: now bomb
 30247 | Elf:3    | M4edhros: : )
 30253 | Elf:3    | Yermak: noo
 30260 | Elf:3    | Killed a deep elf blademaster
 30260 | Elf:3    | Reached skill level 5 in Evocations
 30282 | Elf:3    | Yermak: alive
 30303 | Elf:3    | Yermak: it looks like your rose has good regen
 30303 | Elf:3    | M4edhros: it seems
 30303 | Elf:3    | M4edhros: or maybe it has low hp
 30303 | Elf:3    | M4edhros: but good ev
 30303 | Elf:3    | M4edhros: high hp low ev
 30310 | Elf:3    | Noticed a deep elf master archer
 30327 | Elf:3    | Noticed an Ice Fiend
 30330 | Elf:3    | Noticed a deep elf master archer
 30332 | Elf:3    | a thorn hunter (ally) was killed
 30337 | Elf:3    | Killed a deep elf blademaster
 30344 | Elf:3    | Yermak: use elixir?
 30351 | Elf:3    | Killed a deep elf master archer
 30379 | Elf:3    | Killed a deep elf master archer
 30659 | Elf:3    | Got an ancient silver ring
 30745 | Elf:3    | Got a slimy robe
 30763 | Elf:3    | Yermak: Why rain?
 31052 | Elf:3    | Identified the ring "Froin" {MR++ Int+3} (You took it off a deep elf conjurer on level 3 of the Elven Halls)
 31052 | Elf:3    | Identified the cursed -3 robe of Twoack {+Rage +Fly} (You took it off a deep elf priest on level 3 of the Elven Halls)
 31087 | Elf:3    | M4edhros: to get free oklob
 31087 | Elf:3    | M4edhros: i mean, spawning plant>oklob costs 2 fruits
 31087 | Elf:3    | M4edhros: spawning plant from rain>oklob costs 1
 31087 | Elf:3    | M4edhros: but is random, u can get no plants or 4 sometimes
 31100 | Elf:3    | Got a bronze scale mail
 31115 | Elf:3    | Identified the Reference Book on Enchanting Talismans
 31219 | Elf:3    | M4edhros: so many misc
 31219 | Elf:3    | M4edhros: but nothing that much of an use
 31261 | Elf:3    | Yermak: be carefu with stone of tremors
 31263 | Elf:3    | M4edhros: why?
 31263 | Elf:3    | Yermak: you can aggravate your allies
 31359 | Elf:3    | Identified the +7 scale mail of the Albatross {Str+2 Int+5} (You found it on level 3 of the Elven Halls)
 31570 | Elf:3    | Gained mutation: You can steal the life force of defeated enemies. [demonic ancestry]
 31570 | Elf:3    | Reached XP level 16. HP: 112/126 MP: 30/30
 32408 | Shoals:1 | Entered Level 1 of the Shoals
 32420 | Shoals:1 | Reached skill level 14 in Axes
 33520 | Shoals:5 | Entered Level 5 of the Shoals
 33762 | Shoals:5 | Noticed Ilsuiw
 33885 | Shoals:5 | Found a flickering gateway to a bazaar.
 33948 | Shoals:5 | Reached skill level 10 in Evocations
 33956 | Bazaar   | Entered a bazaar
 33962 | Bazaar   | Found Pruom's Gadget Shop.
 33976 | Bazaar   | Found Ifiginie's Food Boutique.
 33985 | Bazaar   | Bought a pear for 10 gold pieces
 33985 | Bazaar   | Bought a pear for 10 gold pieces
 33985 | Bazaar   | Bought a lemon for 15 gold pieces
 33985 | Bazaar   | Bought a rambutan for 5 gold pieces
 33985 | Bazaar   | Bought a choko for 5 gold pieces
 33985 | Bazaar   | Bought an apple for 10 gold pieces
 33985 | Bazaar   | Bought an apple for 10 gold pieces
 34003 | Bazaar   | Found Strouj's Jewellery Shop.
 34017 | Bazaar   | Found Asanarub's Food Boutique.
 34026 | Bazaar   | Bought a choko for 3 gold pieces
 34026 | Bazaar   | Bought a choko for 3 gold pieces
 34026 | Bazaar   | Bought a choko for 3 gold pieces
 34026 | Bazaar   | Bought a choko for 3 gold pieces
 34048 | Bazaar   | Found Qururilued's Food Boutique.
 34057 | Bazaar   | Bought an apple for 5 gold pieces
 34057 | Bazaar   | Bought a lemon for 8 gold pieces
 34063 | Bazaar   | Found Noiptoe's Gadget Shop.
 34156 | Bazaar   | Bought an uncursed amulet of rage for 480 gold pieces
 34156 | Bazaar   | Bought the amulet of Hadeom {Gourm +Fly MR++ SInv} for 637 gold pieces
 34669 | Shoals:5 | Killed Ilsuiw
 35127 | Shoals:5 | Got a barnacled rune of Zot
 35444 | Spider:1 | Entered Level 1 of the Spider Nest
 37162 | Spider:2 | Reached XP level 17. HP: 126/132 MP: 31/31
 37469 | Spider:3 | Noticed Wiglaf
 37537 | Spider:3 | Killed Wiglaf
 37759 | Spider:3 | Noticed Jorgrun
 37781 | Spider:3 | Killed Jorgrun
 38042 | Spider:3 | Upgraded the game from 0.14-a0-1474-g1105da3 to 0.14-a0-1499-g388a102
 38233 | Spider:4 | Reached skill level 15 in Axes
 38286 | Spider:4 | Noticed Azrael
 38569 | Spider:4 | Killed Azrael
 39352 | Spider:5 | Entered Level 5 of the Spider Nest
 39502 | Spider:5 | Noticed Louise
 39512 | Spider:5 | Noticed Snorg
 39824 | Spider:5 | Got a gossamer rune of Zot
 40032 | Spider:5 | Killed Snorg
 40136 | Spider:5 | Killed Louise
 40526 | Spider:5 | XOM: god gift: tubular pearl ring {god gift}
 41810 | D:13     | Found Luzaunli's Food Emporium.
 41828 | D:13     | Found Voyleas' Magic Scroll Shoppe.
 42295 | D:13     | Found Izaas' Magic Scroll Emporium.
 42677 | D:13     | Found Egykuq's General Store.
 42680 | D:13     | Found Yraes' General Store.
 42930 | D:14     | Noticed thfral's ghost (powerful GrBe)
 42948 | D:14     | Killed thfral's ghost
 43221 | D:14     | Lost mutation: Your vision is a little blurry. [mutagenic meat]
 43249 | D:14     | XOM: medium Conj miscast
 43591 | D:14     | Gained mutation: You are very robust (+20% HP). [demonic ancestry]
 43591 | D:14     | Reached XP level 18. HP: 132/152 MP: 33/33
 43622 | D:14     | Found a gate to the Vaults.
 43764 | D:15     | Entered Level 15 of the Dungeon
 43860 | D:15     | Gained mutation: Your vision is a little blurry. [mutagenic meat]
 44620 | D:16     | Entered Level 16 of the Dungeon
 44665 | D:16     | Noticed Kirke
 44679 | D:16     | Killed Kirke
 44679 | D:16     | Reached skill level 15 in Evocations
 44909 | D:16     | Found a staircase to the Depths.
 45365 | D:16     | Found a glowing silver altar of Zin.
 45563 | D:16     | Paralysed by a potion of paralysis for 2 turns
 45571 | D:16     | Gained mutation: Your vision is quite blurry. [mutagenic meat]
 45807 | Depths:1 | Entered Level 1 of the Depths
 46096 | Depths:1 | Reached skill level 16 in Axes
 46976 | Depths:1 | Noticed Agnes
 46988 | Depths:1 | Killed Agnes
 47221 | Depths:1 | Gained mutation: Your flesh is heat resistant. [mutagenic meat]
 47222 | Depths:1 | Gained mutation: You digest meat inefficiently. [mutagenic meat]
 47224 | Depths:1 | Gained mutation: Your vision is extremely blurry. [mutagenic meat]
 47231 | Depths:1 | Found a gateway to Hell.
 47237 | Depths:1 | Paralysed by a giant eyeball for 3 turns
 47248 | Depths:1 | Paralysed by a giant eyeball for 3 turns
 47711 | Depths:1 | XOM: stat loss: -3 Str (18/21)
 48197 | Depths:2 | Paralysed by a giant eyeball for 4 turns
 48364 | Depths:2 | Reached skill level 17 in Evocations
 48364 | Depths:2 | Reached XP level 19. HP: 127/158 MP: 36/36
 48448 | Depths:2 | Noticed Aizul
 48465 | Depths:2 | Killed Aizul
 48657 | Depths:2 | Reached skill level 15 in Shields
 49030 | Depths:2 | Lost mutation: Armour fits poorly on your strangely shaped body. [mutagenic meat]
 50245 | Depths:3 | Reached skill level 18 in Evocations
 50470 | Depths:3 | XOM: mild Summ miscast
 50849 | Depths:3 | XOM: medium Ice miscast
 51029 | Depths:3 | XOM: mild Summ miscast
 51037 | Depths:3 | Noticed Frances
 51046 | Depths:3 | Killed Frances
 51111 | Depths:3 | Got a vibrating glass ring
 51134 | Depths:3 | Identified the ring of Thrutuid {-Tele rPois rF+ Dex+2 Int+4} (You found it on level 3 of the Depths)
 51207 | Depths:3 | Found a one-way gate leading to the halls of Pandemonium.
 51697 | Depths:4 | Noticed Saint Roka
 51708 | Depths:4 | Killed Saint Roka
 51708 | Depths:4 | Reached XP level 20. HP: 155/166 MP: 37/37
 51770 | Depths:4 | Gained mutation: You tend to lose your temper in combat. [mutagenic meat]
 51774 | Depths:4 | XOM: mild Trmt miscast
 51782 | Depths:4 | Paralysed by a giant eyeball for 2 turns
 51793 | Depths:4 | Paralysed by a giant eyeball for 2 turns
 51796 | Depths:4 | Gained mutation: You possess an exceptional clarity of mind. [mutagenic meat]
 52690 | Depths:4 | Found a one-way gate to the infinite horrors of the Abyss.
 52763 | Depths:5 | Noticed Margery
 52792 | Depths:5 | Reached skill level 19 in Evocations
 52854 | Depths:5 | Found a corrupted altar of Lugonu.
 52996 | Depths:5 | Noticed Mennas
 53147 | Depths:5 | Found a magical portal.
 53159 | WizLab   | Entered a wizard's laboratory
 53164 | WizLab   | Reached skill level 1 in Short Blades
 53459 | Depths:5 | Paralysed by a giant eyeball for 2 turns
 53868 | Depths:5 | Got a steaming ring mail
 54081 | Depths:5 | Killed Mennas
 54315 | Depths:5 | XOM: torment (66/166 hp)
 54435 | Depths:5 | XOM: mild Summ miscast
 54550 | Depths:6 | Entered Level 6 of the Depths
 54631 | Depths:6 | Found a basalt altar of Yredelemnul.
 54672 | Depths:6 | Killed Margery
 54804 | Depths:6 | Reached XP level 21. HP: 127/172 MP: 36/38
 54869 | Depths:6 | Noticed a golden dragon
 54876 | Depths:6 | Killed a golden dragon
 54876 | Depths:6 | Reached skill level 5 in Short Blades
 55233 | Depths:6 | XOM: noise
 55990 | Depths:6 | Reached skill level 20 in Evocations
 56518 | Vaults:1 | Entered Level 1 of the Vaults
 56676 | D:13     | Bought a scroll of recharging for 71 gold pieces
 57221 | Vaults:1 | Lost mutation: You tend to lose your temper in combat. [mutagenic meat]
 57223 | Vaults:1 | Gained mutation: You are extremely robust (+30% HP). [mutagenic meat]
 57288 | Vaults:1 | Identified the +4 ring mail of the Turtle {Str+2 Dex+2 Int+2} (You found it on level 5 of the Depths)
 57377 | Vaults:1 | Found Smass' Armour Boutique.
 57502 | Vaults:1 | Lost mutation: Your vision is extremely blurry. [mutagenic meat]
 57503 | Vaults:1 | Lost mutation: Your vision is quite blurry. [mutagenic meat]
 57513 | Vaults:1 | Gained mutation: You can translocate small distances at will. [mutagenic meat]
 57514 | Vaults:1 | Lost mutation: Your flesh is heat resistant. [mutagenic meat]
 57522 | Vaults:1 | Lost mutation: Your muscles are strong. (Str +2) [mutagenic meat]
 57864 | Vaults:1 | Lost mutation: You can translocate small distances at will. [mutagenic meat]
 57873 | Vaults:1 | Gained mutation: You can breathe flames. [mutagenic meat]
 57874 | Vaults:1 | Lost mutation: You digest meat inefficiently. [mutagenic meat]
 58560 | Vaults:2 | Found Golot's Book Shop.
 58657 | Vaults:2 | XOM: give mutations
 58657 | Vaults:2 | Lost mutation: You possess an exceptional clarity of mind. [Xom's mischief]
 58657 | Vaults:2 | Lost mutation: Your spells are a little harder to cast, but a little more powerful. [Xom's mischief]
 58657 | Vaults:2 | Gained mutation: You are weak. (Str -2) [Xom's mischief]
 58657 | Vaults:2 | Gained mutation: You are dopey. (Int -2) [Xom's mischief]
 58657 | Vaults:2 | Was forgiven by Xom
 58729 | Vaults:2 | Found a portal to a secret trove of treasure.
 59298 | Vaults:2 | Gained mutation: You are agile. (Dex +2) [mutagenic meat]
 59308 | Vaults:2 | Lost mutation: You are weak. (Str -2) [mutagenic meat]
 59314 | Vaults:2 | Lost mutation: Your vision is a little blurry. [mutagenic meat]
 59322 | Vaults:2 | Lost mutation: You are dopey. (Int -2) [mutagenic meat]
 59792 | Vaults:2 | Lost mutation: You are extremely robust (+30% HP). [mutagenic meat]
 59948 | Vaults:3 | Found a staircase to the Crypt.
 59948 | Vaults:3 | Found an ancient bone altar of Kikubaaqudgha.
 59949 | Vaults:3 | Found a basalt altar of Yredelemnul.
 60108 | Vaults:3 | Reached XP level 22. HP: 181/181 MP: 39/39
 60416 | Vaults:3 | Got a warped crossbow
 60417 | Vaults:3 | Identified the +10,+4 crossbow of War {frost, +Blink +Fly} (You found it on level 3 of the Vaults)
 60859 | Vaults:3 | Reached skill level 21 in Evocations
 60874 | Vaults:3 | Reached skill level 15 in Armour
 60912 | Vaults:3 | Gained mutation: Your mind is acute. (Int +2) [potion of beneficial mutation]
 60918 | Vaults:3 | Lost mutation: You can breathe flames. [potion of cure mutation]
 60918 | Vaults:3 | Lost mutation: You have a fast metabolism. [potion of cure mutation]
 60918 | Vaults:3 | Lost mutation: You are agile. (Dex +2) [potion of cure mutation]
 60918 | Vaults:3 | Lost mutation: Your mind is acute. (Int +2) [potion of cure mutation]
 60918 | Vaults:3 | Lost mutation: You have a pair of small horns on your head. [potion of cure mutation]
 61127 | Vaults:3 | Noticed Sojobo
 61150 | Vaults:3 | Killed Sojobo
 61320 | Vaults:3 | Gained mutation: Your body is slowly deteriorating. [mutagenic meat]
 61544 | Vaults:4 | Noticed Boris
 61552 | Vaults:4 | Killed Boris
 61552 | Vaults:4 | Reached skill level 10 in Short Blades
 61633 | Vaults:4 | Found a staircase to the Hall of Blades.
 62079 | Vaults:4 | Gained mutation: You can translocate small distances at will. [a neqoxec]
 62558 | Vaults:5 | Entered Level 5 of the Vaults
 62601 | Vaults:5 | Reached XP level 23. HP: 147/187 MP: 40/40
 62613 | Vaults:5 | Gained mutation: You are agile. (Dex +2) [mutagenic meat]
 62615 | Vaults:5 | Gained mutation: You have a fast metabolism. [mutagenic meat]
 62804 | Vaults:5 | Got a heavily runed buckler
 62865 | Vaults:5 | Was placed under penance by Fedhas
 62977 | Vaults:5 | Reached skill level 22 in Evocations
 63379 | Vaults:5 | Got a smoking glaive
 63397 | Vaults:5 | Identified the +3 buckler of Derrobatt {rElec Dam+5} (You found it on level 5 of the Vaults)
 63407 | Vaults:5 | Identified the +12,+11 glaive of Pruffoley {elec, rF+ Int+2} (You found it on level 5 of the Vaults)
 63460 | Vaults:5 | Got a silver rune of Zot
 63515 | Vaults:5 | Got an iridescent falchion
 64105 | Vaults:5 | Lost mutation: You have a fast metabolism. [helix card]
 64105 | Vaults:5 | Lost mutation: You are agile. (Dex +2) [helix card]
 64186 | Vaults:5 | Gained mutation: You evolve. [mutagenic meat]
 64187 | Vaults:5 | Gained mutation: You have a slow metabolism. [mutagenic meat]
 64198 | Vaults:5 | Got a transparent scale mail
 64286 | Vaults:5 | Reached skill level 1 in Unarmed Combat
 64315 | Vaults:5 | Identified the +6,+3 falchion "Beetlebane" {slice, +Blink +Fly rF+ rC-} (You found it on level 5 of the Vaults)
 64547 | Vaults:5 | Gained mutation: You can steal the life force of all defeated enemies in sight. [demonic ancestry]
 64547 | Vaults:5 | Reached XP level 24. HP: 140/199 MP: 41/41
 64922 | Vaults:5 | Was forgiven by Fedhas
 64968 | Vaults:5 | Gained mutation: You are agile. (Dex +2) [evolution]
 64968 | Vaults:5 | Lost mutation: You evolve. [end of evolution]
 65236 | Vaults:5 | Reached skill level 5 in Unarmed Combat
 65627 | Vaults:5 | Got a twisted plate armour
 65723 | Vaults:5 | Identified the Volume of the Lonely Songs
 65850 | Vaults:5 | Identified the Handbook of Displacement and Snow
 66312 | Vaults:5 | Got a steaming robe
 66341 | Vaults:5 | Identified the cursed +9 plate armour of Smu Lusm {Str+4 Acc+4} (You took it off a vault guard on level 5 of the Vaults)
 66362 | Vaults:5 | Identified the cursed -5 robe of the Cooper {Dex+3 Acc+5 Stlth++} (You took it off a yaktaur captain on level 5 of the Vaults)
 66505 | Vaults:4 | Identified the cursed +6 scale mail of Ygidgh {Str+3 Int-3} (You found it on level 5 of the Vaults)
 67026 | Lair:5   | Got a smoking quarterstaff
 67035 | Lair:5   | Identified the cursed +1,+0 quarterstaff of Ashenzari's Pride {crush, Stlth++} (You found it on level 5 of the Lair of Beasts)
 67924 | Hell     | Entered the Vestibule of Hell
 67924 | Hell     | Noticed Geryon
 68448 | Hell     | Killed Geryon
 68737 | Trove    | Entered a treasure trove
 68763 | Trove    | Got an ancient golden amulet
 68765 | Trove    | Got a twitching bronze amulet
 69339 | Lair:2   | Learned a level 2 spell: Repel Missiles
 69343 | Lair:2   | Learned a level 3 spell: Regeneration
 69344 | Lair:2   | Identified the amulet of the Cicada {rCorr rC+ Acc+3} (You found it in a treasure trove)
 69345 | Lair:2   | Identified the amulet "Psagg" {Ward rN+ MR++} (You found it in a treasure trove)
 69541 | Slime:1  | Entered Level 1 of the Pits of Slime
 69567 | Slime:1  | Gained mutation: Your body is deteriorating. [a shining eye]
 69570 | Slime:1  | Lost mutation: You have a slow metabolism. [a shining eye]
 69854 | D:13     | Bought a scroll of identify for 20 gold pieces
 69931 | D:13     | Learned a level 1 spell: Apportation
 70187 | Crypt:1  | Entered Level 1 of the Crypt
 70314 | Crypt:1  | Reached skill level 1 in Necromancy
 70532 | Crypt:1  | Reached skill level 1 in Charms
 70903 | Crypt:1  | Noticed Boris
 70909 | Crypt:1  | Killed Boris
 70909 | Crypt:1  | Reached skill level 1 in Spellcasting
 71531 | Crypt:2  | Reached skill level 1 in Air Magic
 72425 | Crypt:3  | Noticed Jory
 72455 | Crypt:3  | Killed Jory
 72776 | Crypt:3  | Found a staircase to the Tomb.
 73032 | Crypt:3  | Identified a +4 rod of warding (14/14) (You found it on level 3 of the Crypt)
 73156 | Crypt:3  | Learned a level 4 spell: Control Teleport
 73551 | Crypt:4  | Reached skill level 1 in Translocations
 75172 | Crypt:5  | Entered Level 5 of the Crypt
 75184 | Crypt:5  | Reached XP level 25. HP: 204/207 MP: 42/42
 75308 | Crypt:5  | Found an ancient bone altar of Kikubaaqudgha.
 75639 | Crypt:5  | Reached skill level 5 in Charms
 76317 | Crypt:5  | Reached skill level 23 in Evocations
 76385 | Crypt:5  | Noticed Khufu
 76397 | Crypt:5  | Killed Khufu
 76759 | Crypt:5  | Learned a level 3 spell: Recall
 77065 | Crypt:3  | Reached skill level 5 in Translocations
 77680 | Vaults:1 | Gained mutation: Your flesh is heat resistant. [mutagenic meat]
 77950 | D:13     | Bought a choko for 4 gold pieces
 77950 | D:13     | Bought a pear for 8 gold pieces
 77950 | D:13     | Bought a pear for 8 gold pieces
 77950 | D:13     | Bought a choko for 4 gold pieces
 78589 | D:13     | Bought a scroll of enchant weapon I for 55 gold pieces
 78589 | D:13     | Bought a scroll of enchant weapon II for 55 gold pieces
 78867 | Lair:2   | Learned a level 3 spell: Flight
 78870 | Lair:2   | Learned a level 2 spell: Swiftness
 80100 | Hell     | Reached skill level 1 in Maces & Flails
 80164 | Hell     | Reached skill level 15 in Invocations
 80956 | Hell     | Noticed Murray
 80988 | Hell     | Killed Murray
 82059 | Tar:1    | Entered Level 1 of Tartarus
 83271 | Tar:4    | You fall through a shaft!
 83568 | Tar:7    | Entered Level 7 of Tartarus
 83600 | Tar:7    | Reached skill level 5 in Maces & Flails
 84396 | Tar:7    | Gained mutation: You are extremely robust (+30% HP). [demonic ancestry]
 84396 | Tar:7    | Reached XP level 26. HP: 167/232 MP: 35/43
 84692 | Tar:7    | Reached skill level 5 in Spellcasting
 84949 | Tar:7    | Noticed Ereshkigal
 86836 | Tar:7    | Identified Rypsaega's Collected Works on the Voyage and Good Luck
 86864 | Tar:7    | M4edhros: lucky situation
 87064 | Tar:7    | Turgon: Nice you have escaped
 87144 | Tar:7    | M4edhros: ye, but got no food
 87144 | Tar:7    | M4edhros: need to finish this off fast
 87216 | Tar:7    | M4edhros: bam
 87216 | Tar:7    | M4edhros: dead
 87216 | Tar:7    | Turgon: At least it's dangerous
 87227 | Tar:7    | Turgon: There you are
 87238 | Tar:7    | M4edhros: tough tartarus
 87238 | Tar:7    | M4edhros: i should skip it i think
 87238 | Tar:7    | M4edhros: no spells
 87238 | Tar:7    | Turgon: Skipping is not the best thing, however it's better than dying
 87251 | Tar:7    | M4edhros: this game wants to kill me
 87251 | Tar:7    | M4edhros: bad
 87251 | Tar:7    | Turgon: Reapers are nasty!
 87252 | Tar:7    | Mangled by a reaper

Action                   |  1- 3 |  4- 6 |  7- 9 | 10-12 | 13-15 | 16-18 | 19-21 | 22-24 | 25-27 || total
-------------------------+-------+-------+-------+-------+-------+-------+-------+-------+-------++-------
Melee: Trident           |   171 |   396 |   652 |   466 |       |       |       |       |       ||  1685
       Spear             |       |       |       |   739 |    39 |       |       |       |       ||   778
       War axe           |       |       |       |   505 |  1584 |  2336 |  1271 |  1565 |  1164 ||  8425
       Unarmed           |       |       |       |       |    16 |       |       |       |       ||    16
       Rod               |       |       |       |       |       |       |     6 |     6 |     6 ||    18
       Quick blade       |       |       |       |       |       |       |    27 |       |       ||    27
       Demon whip        |       |       |       |       |       |       |       |       |    15 ||    15
       Staff             |       |       |       |       |       |       |       |       |     3 ||     3
 Fire: Blowgun           |       |       |       |       |     5 |       |    14 |    16 |     7 ||    42
       Crossbow          |       |       |       |       |       |       |     4 |     2 |       ||     6
 Cast: Regeneration      |       |       |       |       |       |       |       |     7 |   154 ||   161
       Recall            |       |       |       |       |       |       |       |       |     1 ||     1
Invok: Evolution         |       |       |       |    12 |    29 |    26 |    19 |     2 |     5 ||    93
       Growth            |       |       |       |     2 |     2 |     3 |       |       |     1 ||     8
       Sunlight          |       |       |       |       |    10 |    20 |   104 |    59 |    94 ||   287
       Reproduction      |       |       |       |       |     4 |       |       |     1 |       ||     5
       Rain              |       |       |       |       |     2 |     5 |       |     1 |       ||     8
 Abil: Evoke Flight      |       |       |       |       |     2 |    19 |     4 |       |       ||    25
       Stop Flying       |       |       |       |       |       |     2 |       |       |       ||     2
       Evoke Blink       |       |       |       |       |       |     1 |     1 |       |       ||     2
       Breathe Fire      |       |       |       |       |       |       |     1 |       |       ||     1
       Blink             |       |       |       |       |       |       |       |       |     1 ||     1
Evoke: Wand              |       |       |     2 |    31 |    25 |    25 |    17 |    13 |    14 ||   127
       Deck              |       |       |       |     1 |       |       |       |     9 |       ||    10
       Rod               |       |       |       |       |     6 |    43 |   366 |   252 |   338 ||  1005
       lamp of fire      |       |       |       |       |     2 |     1 |       |       |     1 ||     4
       fan of gales      |       |       |       |       |     1 |     3 |       |       |     2 ||     6
       disc of storms    |       |       |       |       |       |    10 |    10 |    48 |       ||    68
       stone of tremors  |       |       |       |       |       |     1 |     2 |       |     1 ||     4
       horn of Geryon    |       |       |       |       |       |       |       |       |     1 ||     1
       phial of floods   |       |       |       |       |       |       |       |       |     1 ||     1
  Use: Potion            |     3 |     3 |    10 |    13 |    10 |    19 |     6 |     9 |    10 ||    83
       Scroll            |       |       |    13 |    22 |    33 |    20 |     9 |    16 |    20 ||   133
 Stab: Distracted        |       |     1 |       |     6 |     6 |     8 |     3 |     6 |     7 ||    37
       Confused          |       |       |       |    11 |     6 |     8 |    11 |     1 |       ||    37
       Paralysed         |       |       |       |    19 |       |       |       |       |       ||    19
       Petrifying        |       |       |       |     7 |       |       |       |       |       ||     7
       Petrified         |       |       |       |     1 |       |       |       |       |       ||     1
       Sleeping          |       |       |       |       |     1 |       |       |       |       ||     1
       Invisible         |       |       |       |       |       |     8 |       |       |       ||     8
